 Dungeon Crawl Stone Soup version 0.31.0-11-ge490571c62 (webtiles) character file.

Game seed: 16501027907430850183

100 qw the Shooter (level 4, 0/25 HPs)
             Began as a Deep Elf Hunter on Feb 4, 2024.
             Slain by Natasha (2 damage)
             ... on level 2 of the Dungeon.
             The game lasted 00:00:26 (1421 turns).

qw the Shooter (Deep Elf Hunter)                    Turns: 1421, Time: 00:00:26

Health: 0/25       AC:  3    Str: 10    XL:     4   Next: 47%
Magic:  6/6        EV: 12    Int: 14    God:
Gold:   54         SH:  0    Dex: 18    Spells: 3/3 levels left

rFire   . . .        a - +0 shortbow (drain)
rCold   . . .        (shield currently unavailable)
rNeg    . . .        c - +0 leather armour
rPois   .            (no helmet)
rElec   .            (no cloak)
rCorr   .            (no gloves)
SInv    .            (no boots)
Will    .....        (no amulet)
Stlth   ++           (no ring)
HPRegen 0.24/turn    (no ring)
MPRegen 0.10/turn

%: no passive effects
@: no status effects
A: no striking features
a: no special abilities


You were on level 2 of the Dungeon.
You visited 1 branch of the dungeon, and saw 2 of its levels.

You collected 54 gold pieces.


   Skills:
 - Level 1.5 Fighting
 + Level 7.9 Ranged Weapons
 - Level 2.4 Dodging
 - Level 1.2 Stealth


You had 3 spell levels left.
You didn't know any spells.
Your spell library was empty.

Inventory:

Hand Weapons
 a - a +0 shortbow of draining (weapon)
Armour
 c - a +0 leather armour (worn)
 d - the +0 robe of the Catfish {Regen+ Str+5 Int+4}
   (You found it on level 2 of the Dungeon)

   Str+5:     It affects your strength (+5).
   Int+4:     It affects your intelligence (+4).
   Regen+:    It increases your rate of health regeneration.
Scrolls
 b - 2 scrolls of identify {unknown}
Potions
 e - a potion of degeneration {unknown}
 f - a potion of heal wounds {unknown}
 g - a potion of mutation {unknown}

Dungeon Overview and Level Annotations

Branches:
Dungeon (2/15)

Altars:

Shops:
D:2 (

Annotations:
D:2 Natasha


Message History

HP restored.
Things that are here:
a quokka corpse; a frilled lizard corpse You see here the +0 chain mail of the King of the Hill {rF- Str+3 Dex+4 SInv}.
Things that are here:
a quokka corpse; a frilled lizard corpse
There is an open door here.
Found a stone staircase leading up.
Enter note:
Enter note:
Enter note:
Enter note: You see here a +0 robe.
Natasha, Servant of Life and Death comes into view.
Natasha hisses angrily.
Natasha mumbles some strange words.
You see here a jackal skeleton.
You shoot an arrow. The arrow hits the cerulean imp.
The cerulean imp is moderately wounded.
Natasha stares at you and mumbles some strange words.
The magic dart hits you!
You shoot an arrow.
The arrow closely misses the cerulean imp.
You shoot an arrow.
The arrow completely misses the cerulean imp.
Natasha stares at you and mumbles some strange words.
The magic dart hits you!
You shoot an arrow.
The arrow closely misses the cerulean imp.
The cerulean imp hits you from afar with a +2 spear. x2
You shoot an arrow. The arrow hits the cerulean imp.
The cerulean imp is severely wounded.
The cerulean imp closely misses you.
You shoot an arrow. The arrow hits the cerulean imp.
You kill the cerulean imp!
The cerulean imp disappears in a puff of smoke!
You shoot an arrow. The arrow completely misses Natasha.
Natasha claws you.
You die...
Natasha curls up and begins to purr.

#########.##.###..........######
#.................#
#.##.###..........# ######%##.#
#..........# #......##.#
#..........# #......##.#
#..........# #......##.#
#..........# ## ######.##.#
#..........# .##
##'##.###@.........# ..#
#......¤h..........# #.##
#..................# #..##
#.......%...########
##..####....%......#
.)....##...........#
....#.##..)........#
....#..##.#....##### ....#
..#.#....#


You could see Natasha.

Vanquished Creatures
  Natasha (twice) (D:2)
  A dart slug (D:2)
  2 ribbon worms (D:2)
  5 ball pythons
  3 bats
  5 endoplasms
  3 giant cockroaches (D:1)
  5 goblins
  A hobgoblin (D:2)
  3 jackals (D:2)
  3 quokkas
  4 frilled lizards
  2 kobolds (D:2)
  3 rats
42 creatures vanquished.

Notes
Turn   | Place    | Note
-------+----------+-------------------------------------------
     0 | D:1      | qw the Deep Elf Hunter began the quest for the Orb.
     0 | D:1      | Reached XP level 1. HP: 12/12 MP: 3/3
     0 | D:1      | 0 ||| qw: Version: 0.3-a-160-g6735b56
     0 | D:1      | 0 ||| qw: Game counter: 5811
     0 | D:1      | 0 ||| qw: Melee chars always use a shield: true
     0 | D:1      | 0 ||| qw: God list: Okawaru
     0 | D:1      | 0 ||| qw: Allow faded altars: false
     0 | D:1      | 0 ||| qw: Do Orc after clearing Dungeon:15 true
     0 | D:1      | 0 ||| qw: Do second Lair branch before Depths: true
     0 | D:1      | 0 ||| qw: Lair rune preference: random
     0 | D:1      | 0 ||| qw: Goals: Normal
     0 | D:1      | 0 ||| PLANNING D:1-11
   287 | D:1      | Reached skill level 6 in Ranged Weapons
   287 | D:1      | Reached XP level 2. HP: 16/16 MP: 4/4
   837 | D:1      | 837 ||| DROPPING scarf of shadows.
   838 | D:1      | 838 ||| READING scroll labelled AWUNLI XINIRIP.
   839 | D:1      | 839 ||| READING scroll labelled ZYTSET GUNI.
   840 | D:1      | 840 ||| READING scroll labelled GYXID TATHAOF.
   840 | D:1      | 840 ||| BRANDING +0 shortbow.
   841 | D:1      | 841 ||| DROPPING scroll of butterflies.
   866 | D:2      | Found Ygucw's Antique Weapon Shoppe.
   910 | D:2      | Reached XP level 3. HP: 20/20 MP: 5/5
  1054 | D:2      | Noticed Natasha
  1058 | D:2      | Killed Natasha
  1059 | D:2      | Reached skill level 7 in Ranged Weapons
  1113 | D:2      | Identified the +0 robe of the Catfish {Regen+ Str+5 Int+4}
  1189 | D:2      | Reached XP level 4. HP: 25/25 MP: 6/6
  1238 | D:2      | Noticed Natasha
  1247 | D:2      | Killed Natasha
  1309 | D:2      | Identified the +0 chain mail of the King of the Hill {rF-
                  | Str+3 Dex+4 SInv}
  1414 | D:2      | Noticed Natasha
  1418 | D:2      | HP: 4/25 [cerulean imp/+2 spear[Natasha] (5)]
  1418 | D:2      | HP: 1/25 [cerulean imp/+2 spear[Natasha] (3)]
  1421 | D:2      | Slain by Natasha

Levels and vault maps discovered:
D:1:      sevenhm_arrival_forest_fort_small_4, layout_basic,
          minmay_indecisive_spiral
D:2:      layout_basic, serial_shops, shop, kennysheep_generic_room_2,
          uniq_natasha

Skill      XL: |  1  2  3 |
---------------+----------+-----
Ranged Weapons | 6 7 |  7.9
Fighting       | |  1.5
Dodging        | |  2.4
Stealth        | |  1.2

Action                     |  1- 3 |  4- 6 || total
---------------------------+-------+-------++-------
   Fire: Shortbow          |    63 |    29 ||    92
    Use: Scroll            |     3 |       ||     3
 Armour: Leather armour    |     7 |    17 ||    24
  Dodge: Dodged            |    10 |     8 ||    18

Table legend:
 A = Non-vault XP
 B = Vault XP
 C = Vault XP percentage of total XP
 D = Non-vault monster count
 E = Vault monster count
 F = Vault count percentage of total count
                 A         B        C        D         E       F
            +---------+---------+-------+---------+---------+-------
      Total |      99 |      45 |  31.2 |      35 |       7 |  16.7
            +---------+---------+-------+---------+---------+-------
        D:1 |      26 |       8 |  23.5 |      14 |       4 |  22.2
        D:2 |      73 |      37 |  33.6 |      21 |       3 |  12.5
            +---------+---------+-------+---------+---------+-------
